Cogmind - Beta 13 @@@ ROGUE MODE // 2024.05.22 @ 23:07:21 Player: Minty Result: Destroyed by H-61 Shepherd with Heavy Assault Cannon Performance ------------- Evolutions (2) 1000 Regions Visited (3) 600 Robots Destroyed (56) 280 Value Destroyed (1638) 1638 Prototype IDs (2) 40 Alien Tech Used (0) 0 Bonus (195) 195 TOTAL SCORE: 3753 Bonus ------- High Alert Combat Kills 195 Cogmind --------- Core Integrity 0/550 Matter 36/300 Energy 100/100 System Corruption 0% Temperature Cool (0) Movement Core (300) Ox5 Location -8/Materials Parts ------- > --- POWER (1) -------- (None) > --- PROPULSION (3) --- (None) > --- UTILITY (4) ------ Medium Storage Unit Improved Sensor Array Advanced Targeting Computer > --- WEAPON (3) ------- Missile Launcher > --- INVENTORY (10) --- Cesium-ion Thruster Heat Sink Advanced Targeting Computer Particle Charger Particle Charger Hacking Suite Improved Medium Laser Improved Medium Laser Missile Launcher Peak State ------------ > --- POWER ------------ (None) > --- PROPULSION ------- Armored Wheel Armored Wheel > --- UTILITY ---------- Heat Sink Medium Storage Unit Advanced Targeting Computer Advanced Targeting Computer > --- WEAPON ----------- Spread Laser Spread Laser Field Laser > --- INVENTORY -------- Advanced Targeting Computer Particle Charger Particle Charger Improved Medium Laser Improved Medium Laser Improved Medium Laser Missile Launcher Missile Launcher Missile Launcher [Rating: 21] Favorites ----------- Power Light Ion Engine Engine Light Ion Engine Propulsion Wheel Treads Light Treads Leg Aluminum Leg Wheel Wheel Utility Advanced Targeting Computer Device Heat Sink Storage Medium Storage Unit Processor Advanced Targeting Computer Protection Improved Weapon Shielding Weapon Improved Medium Laser Energy Gun Improved Medium Laser Ballistic Gun Assault Rifle Ballistic Cannon Assault Cannon Launcher Missile Launcher Build | -11 -10 -9 -8 ------- Run | Yrd Mat Mat Mat Slots Evolved 4 | . . 2 2 Power . | . . . . Propulsion 1 | . . . 1 Utility 2 | . . 1 1 Weapon 1 | . . 1 . Parts Attached 50 | . 10 19 21 Power 3 | . 1 1 1 Engine 3 | . 1 1 1 Core . | . . . . Reactor . | . . . . Propulsion 11 | . 2 7 2 Treads 2 | . . . 2 Leg . | . . . . Wheel 9 | . 2 7 . Hover . | . . . . Flight . | . . . . Utility 11 | . 3 2 6 Device 4 | . 1 1 2 Storage 2 | . 1 . 1 Processor 3 | . 1 1 1 Hackware . | . . . . Protection 2 | . . . 2 Artifact . | . . . . Weapon 25 | . 4 9 12 Energy Gun 15 | . 4 5 6 Energy Cannon . | . . . . Ballistic Gun 1 | . . 1 . Ballistic Cannon 2 | . . . 2 Launcher 7 | . . 3 4 Special Weapon . | . . . . Impact Weapon . | . . . . Slashing Weapon . | . . . . Piercing Weapon . | . . . . Special Melee Weapon . | . . . . Unidentified Prototypes 2 | . 1 . 1 Parts Lost 19 | . . 4 15 Power 2 | . . 1 1 Propulsion 6 | . . 2 4 Utility 2 | . . . 2 Weapon 9 | . . 1 8 Highest Loss Streak 5 | . . 2 5 To Critical Strikes . | . . . . Average Slot Usage (%) 78 | . 97 86 63 Engine 6 | . 14 5 3 Treads 2 | . . . 6 Leg 1 | . 7 . . Wheel 12 | . 20 18 4 Device 9 | . 8 13 6 Storage 10 | . 14 11 9 Processor 8 | . 3 7 12 Energy Gun 15 | . 20 19 10 Ballistic Gun 1 | . 6 1 . Ballistic Cannon 3 | . . . 7 Launcher 3 | . . 9 1 Naked Turns . | . . . . Heaviest Build 35 | 12 20 26 35 Greatest Support 24 | 20 20 24 24 Greatest Overweight (x) 5 | . . 2 5 Average Overweight (x) . | . . 1 . Largest Inventory Capacity 10 | . 10 10 10 Average Capacity 9 | . 8 10 10 Most Carried 10 | . 8 10 10 Average Carried 9 | . 7 9 9 Final Capacity 10 | 8 10 10 10 Final Carried 10 | 6 8 10 9 Class Distribution -------------------- 51% | Gunner 48% | Mutant Dominant Class ---------------- Mutant | -10/Materials Gunner | -9/Materials Gunner | -8/Materials Resources | -11 -10 -9 -8 ----------- Run | Yrd Mat Mat Mat Matter Collected 768 | 200 102 322 144 Remotely . | . . . . Salvage Created 1432 | . 248 449 735 Parts 79 | . 14 22 43 Haulers Intercepted 1 | . . . 1 Recyclers Shooed . | . . . . Parts Field Recycled . | . . . . Retrieved Matter . | . . . . Parts Self-Destructed . | . . . . Prevented . | . . . . Kills | -11 -10 -9 -8 ------- Run | Yrd Mat Mat Mat Combat Hostiles Destroyed 41 | . 2 14 25 Guns 18 | . 2 9 7 Cannons 5 | . . . 5 AOE 18 | . . 5 13 Classes Destroyed 13 | . 4 5 4 Worker 3 | . . 1 2 Builder 2 | . 1 . 1 Tunneler 2 | . . 2 . Hauler 1 | . . . 1 Recycler 2 | . 2 . . Operator 2 | . . 1 1 Watcher 3 | . 1 . 2 Swarmer 7 | . . . 7 Cutter 2 | . . . 2 Grunt 22 | . 2 11 9 Brawler 1 | . . 1 . Sentry 7 | . . 2 5 Hunter 2 | . . . 2 Best Kill Streak 15 | . 3 4 15 Combat Bots Only 12 | . 1 4 12 Max Kills in Single Turn 4 | . 1 2 4 Gunslinging . | . . . . Exploded 4 | . . 1 4 Melee . | . . . . Uniques/NPCs Destroyed . | . . . . Combat | -11 -10 -9 -8 -------- Run | Yrd Mat Mat Mat Hostile Shots Fired 218 | . 5 62 151 Missed 58 | . 2 20 36 Damage Taken 2604 | . 35 534 2035 Core 696 | . 12 101 583 Absorbed by Shields . | . . . . Redirected to Shielding 106 | . . . 106 Core Remaining (%) 89 | 100 95 74 . Volleys Fired 109 | . 11 47 51 Largest 3 | . 2 3 3 Hottest 193 | . 112 168 193 Shots Fired 173 | . 22 74 77 Gun 127 | . 22 59 46 Cannon 19 | . . . 19 Launcher 27 | . . 15 12 Special . | . . . . Kinetic 23 | . 4 . 19 Thermal 123 | . 18 59 46 Explosive 27 | . . 15 12 Electromagnetic . | . . . . Robot Hit Streak 27 | . 5 14 27 Robot Miss Streak 13 | . 4 13 2 Penetration Max . | . . . . Secondary Targets 2 | . . 2 . Max Gunslinging Chain 1 | . . 1 . Shots Hit Robots 121 | . 10 52 59 Core Hits 138 | . 6 69 63 Critical Kills . | . . . . Critical Parts Destroyed . | . . . . Critical Strikes 4 | . 2 . 2 Burn 4 | . 2 . 2 Melee Attacks . | . . . . Impact . | . . . . Slashing . | . . . . Piercing . | . . . . Sneak Attacks . | . . . . Combat Hostiles . | . . . . Follow-up Attacks . | . . . . Damage Inflicted 3810 | . 153 1190 2467 Guns 1599 | . 153 775 671 Cannons 301 | . . . 301 Explosions 1907 | . . 415 1492 Melee . | . . . . Ramming 3 | . . . 3 Kinetic 336 | . 35 . 301 Thermal 1564 | . 118 775 671 Explosive 1907 | . . 415 1492 Electromagnetic . | . . . . Impact . | . . . . Slashing . | . . . . Piercing . | . . . . Highest Corruption . | . . . . Average Corruption . | . . . . Corruption Purged . | . . . . Corruption Blocked . | . . . . Overload Shots . | . . . . Overflow Damage 30 | . . . 30 Projectiles . | . . . . Explosions 30 | . . . 30 Melee . | . . . . Knockbacks 7 | . . . 7 Impact . | . . . . Kinetic 7 | . . . 7 Secondary . | . . . . Self-Inflicted Damage 202 | . . . 202 Shots 6 | . . . 6 Rammed 2 | . . . 2 Targets Rammed 2 | . . . 2 Kicked . | . . . . Crushed . | . . . . Highest Temperature 159 | . 102 159 156 Average Temperature 38 | . 39 40 36 Received Heat Transfer 849 | . 18 264 567 Siege Activations . | . . . . Robots Corrupted . | . . . . Combat Hostiles . | . . . . Parts Fried . | . . . . Impact Corruptions . | . . . . Robots Melted . | . . . . Combat Hostiles . | . . . . Parts Melted 5 | . . . 5 Heat Transferred 3003 | . 407 996 1600 Parts Sabotaged . | . . . . Parts Stolen . | . . . . Parts Stripped . | . . . . Power Chain Reactions . | . . . . Alert | -11 -10 -9 -8 ------- Run | Yrd Mat Mat Mat Peak Influence 669 | . 113 503 669 Initial 152 | . . 47 152 Average 270 | . 49 233 417 Maximum Alert Level 2 | . . 2 2 Low Security (%) 45 | . 100 53 10 Level 1 28 | . . 31 40 Level 2 26 | . . 14 48 Level 3 . | . . . . Level 4 . | . . . . Level 5 . | . . . . High Security . | . . . . Max Security . | . . . . Squads Dispatched 12 | . 3 4 5 Investigation 7 | . 3 2 2 Extermination . | . . . . Reinforcement 5 | . . 2 3 Assault . | . . . . Garrison . | . . . . Intercept . | . . . . Searches Triggered . | . . . . Construction Impeded 1 | . . . 1 Haulers Reinforced . | . . . . Active Scanning Responses . | . . . . Cargo Convoy Interrupts . | . . . . Stealth | -11 -10 -9 -8 --------- Run | Yrd Mat Mat Mat Distress Signals 9 | . . 2 7 Communications Jammed . | . . . . Distress Signals . | . . . . Times Spotted 61 | . 3 19 39 Peak Tracking Total 9 | . 1 5 9 Tactical Retreats 3 | . . 1 2 Traps | -11 -10 -9 -8 ------- Run | Yrd Mat Mat Mat Traps Triggered 3 | . 1 1 1 Indirectly . | . . . . Trap Hack Attempts . | . . . . Triggered . | . . . . Disarmed . | . . . . Reprogrammed . | . . . . Reused . | . . . . Traps Extracted . | . . . . Installed . | . . . . Triggered . | . . . . Machines | -11 -10 -9 -8 ---------- Run | Yrd Mat Mat Mat Machines Disabled 4 | . . 3 1 Max in Single Turn 1 | . . 1 1 Machines Repaired . | . . . . Machines Dismantled . | . . . . Machines Sabotaged . | . . . . Overloaded Fab Kills . | . . . . Hacking | -11 -10 -9 -8 --------- Run | Yrd Mat Mat Mat Machines Accessed 8 | . 4 3 1 Terminals 6 | . 4 2 . Fabricators . | . . . . Repair Stations . | . . . . Recycling Units 1 | . . . 1 Scanalyzers 1 | . . 1 . Garrison Access . | . . . . Total Hacks 28 | . 12 13 3 Successful 11 | . . 10 1 Failed 17 | . 12 3 2 Catastrophic 4 | . 3 1 . Database Lockouts . | . . . . Manual 2 | . 2 . . Terminals 16 | . 12 4 . Fabricators . | . . . . Repair Stations . | . . . . Recycling Units 3 | . . . 3 Scanalyzers 9 | . . 9 . Garrison Access . | . . . . Terminal Hacks 2 | . . 2 . Alert Level 1 | . . 1 . Locate Traps 1 | . . 1 . Fabricator Hacks . | . . . . Repair Station Hacks . | . . . . Recycling Unit Hacks 1 | . . . 1 Report Inventory 1 | . . . 1 Scanalyzer 8 | . . 8 . Insert Component 4 | . . 4 . Analyze 4 | . . 4 . Garrison Access Hacks . | . . . . Unauthorized Hacks . | . . . . Terminals . | . . . . Fabricators . | . . . . Repair Stations . | . . . . Recycling Units . | . . . . Scanalyzers . | . . . . Garrison Access . | . . . . Data Cores Recovered . | . . . . Used . | . . . . Hacking Detections 8 | . 4 3 1 Full Trace Events 7 | . 4 2 1 Feedback Events . | . . . . Feedback Blocked . | . . . . Robot Schematics Acquired . | . . . . Robots Built . | . . . . Authchips . | . . . . Time . | . . . . Total Robot Build Rating . | . . . . Part Schematics Acquired 4 | . . 4 . Parts Built . | . . . . Authchips . | . . . . Time . | . . . . Total Part Build Rating . | . . . . Parts Repaired . | . . . . Time . | . . . . Parts Recycled . | . . . . Recycled Matter . | . . . . Retrieved Matter . | . . . . Retrieved Components . | . . . . Parts Scanalyzed 4 | . . 4 . Part Schematics Acquired 4 | . . 4 . Parts Damaged . | . . . . Bothacking | -11 -10 -9 -8 ------------ Run | Yrd Mat Mat Mat Used RIF Installer . | . . . . Robots Hacked . | . . . . Non-combat . | . . . . Combat . | . . . . Robot Hacks Applied . | . . . . Relay Couplers Released . | . . . . Fabnet Peak Effective % . | . . . . Robots Rewired . | . . . . Allies Hacked . | . . . . Hacks Repelled . | . . . . Allies | -11 -10 -9 -8 -------- Run | Yrd Mat Mat Mat Total Allies . | . . . . Largest Group . | . . . . Highest-Rated Group . | . . . . Highest-Rated Ally . | . . . . Total Orders . | . . . . Ally Attacks . | . . . . Total Damage . | . . . . Kills . | . . . . Allies Corrupted . | . . . . Allies Melted . | . . . . Intel | -11 -10 -9 -8 ------- Run | Yrd Mat Mat Mat Robot Analysis Total . | . . . . Derelict Logs Recovered . | . . . . Drone Launches . | . . . . Drone Recoveries . | . . . . Exploration | -11 -10 -9 -8 ------------- Run | Yrd Mat Mat Mat Turns Passed 1435 | . 338 470 627 Spaces Moved 822 | 1 262 297 262 Core 5 | . . . 5 Treads 165 | . . . 165 Legs 64 | 1 63 . . Wheels 588 | . 199 297 92 Hover . | . . . . Flight . | . . . . Fastest Speed 80 | 120 80 80 90 Average Speed 115 | 120 89 95 163 Slowest Speed 300 | 120 120 110 300 Overloaded Moves . | . . . . Propulsion Burnouts . | . . . . Robots Hopped . | . . . . Cave-ins Triggered . | . . . . Exploration Rate (%) 23 | 1 33 21 37 Regions Visited 3 Branch Regions . Pre-discovered Areas . | . . . . Known Exits Taken . | . . . . Unknown Exits Taken 3 | 1 1 1 . Scrap Searched . | . . . . Spaces Dug . | . . . . Terrain Destroyed 148 | . . 53 95 Melee . | . . . . Projectile 2 | . . . 2 AOE 146 | . . 53 93 Terrain Rammed . | . . . . Walls Destroyed . | . . . . Machines Disabled . | . . . . Actions | -11 -10 -9 -8 --------- Run | Yrd Mat Mat Mat Total 1136 | . 347 409 380 Wait 103 | . 42 25 36 Move 819 | . 261 296 262 Hop . | . . . . Pick Up 18 | . 7 8 3 Fast Attach 27 | . 7 10 10 Attach 10 | . 2 2 6 Detach 9 | . 5 2 2 Swap 13 | . 1 7 5 Drop 26 | . 11 12 3 Fire 109 | . 11 47 51 Melee . | . . . . Ram 1 | . . . 1 Kick . | . . . . Crush 1 | . . . 1 Escape Stasis . | . . . . Rewire . | . . . . Trap . | . . . . Miscellaneous . | . . . . Route ------- -11/Scrapyard -10/Materials (discovered 2 exits: *Mat / [*Min]) -9/Materials -8/Materials (discovered 1 exit: [*Fac]) History --------- Turn | Location | Event 1 | -11/Scrapyard | Discovered new exit (range 0) 1 | -11/Scrapyard | Entered Materials 17 | -10/Materials | Discovered new exit (range 15) 306 | -10/Materials | Discovered new exit (range 3) 321 | -10/Materials | Build established: Mutant 339 | -10/Materials | Entered another Materials area 339 | -9/Materials | Evolved 2 slots: Utility x1, Weapon x1 660 | -9/Materials | Build established: Gunner 731 | -9/Materials | Discovered new exit (range 14) 809 | -9/Materials | Entered another Materials area 809 | -8/Materials | Evolved 2 slots: Propulsion x1, Utility x1 1004 | -8/Materials | Lost 5 parts (2n3w) 1165 | -8/Materials | Core integrity fell below 50% 1202 | -8/Materials | Destroyed 12 combat bots 1209 | -8/Materials | Lost 5 parts (1n2u2w) 1430 | -8/Materials | Core integrity fell below 20% 1430 | -8/Materials | Discovered new exit (range 14) 1436 | -8/Materials | Destroyed by H-61 Shepherd with Heavy Assault Cannon Last Messages --------------- 01375_ U-05 Engineer lays Concrete. 01379_ K-01 Serf collects debris. 01380_ U-05 Engineer lays Concrete. 01384_ W-25 Informer sends out distress signal. 01385_ U-05 Engineer lays Concrete. 01385_ Acquired Imp. Sensor Array. 01386_ U-05 Engineer lays Concrete. 01407_ ALERT: Suspicious intruders detected, dispatching Cutter reinforcements to area. 01430_ C-17 Slicer destroyed. 01430_ Hadron Collector disabled. 01430_ EXIT=FOUND 01430_ Destroyed Blade Saw. 01432_ C-17 Slicer knocked back. 01434_ Flak Cannon destroyed. 01434_ Assault Cannon destroyed. 01434_ Imp. Ion Engine destroyed. 01435_ C-17 Slicer destroyed. 01436_ Lgt. Treads destroyed. 01436_ Critical hit (Blast). Map ----- +----------------------------------------------------+ | ??########/##???????# #??? | | ???????### ##???????? #??? | | ???????# # ###??????? ???? | | ???????### # #????????? #??? | | ???????# # ########## #??? | | ??????## * #??? | | ??????# #??? | | ######## #??? | | # # " "" """ +??? | | # """ # """" """ #??? | | # """ # """"" """ #??? | | # """ # """"" ! #??? | | # # %""""" #?? | | # """ # """"" [ ? ? | | # """ + """"" ????? | | # """ # ???? | | # # ] ???? | | # """ ## ##""T""# ???? | | # """ ## #?"""""# ???? | | # """ ## #?####??? ???? | | # #? #???????? ?????? | | ### ####? #??????????????? | | ### ###? #??????????????? | | #? #??????????????? | | % #? #??????????????? | | @ #? #??????????????? | | =%* #?? #??????????????? | | = #? +??????????????? | | = #? ????????????????? | | !]] ?????????????????? | | #!]] [ ????????????????? | | #!]] % ??????????????? | | # ?????????????? | | # "" c ????????????? | | # """ # H ####???????????? | | # """"Y # #??????????????? | | # ?? #?< #??????????????? | | # ??? #? #??????????????? | | ##???? ##??????????????????? | | ???????#???????????????????? | | ???????????????????????????? | | ???????????????????????????? | | ???????????????????????????? | | ???????????????????????????? | | ???????????????????????????? | | ???????????????????????????? | | ???????????????????????????? | | ???????????????????????????? | | ???????????????????????????? | | ???????????????????????????? | +----------------------------------------------------+ Best States ------------- Heat Dissipation 45 Energy Generation 12 Energy Capacity 265 Matter Stores 300 Matter Capacity 300 Sight Range 18 Robot Scan Range 15 Terrain Scan Density 10 Weapon Shielding 66 Evasion (%) 50 Targeting Accuracy 16 Recoil Reduction 1 Item Schematics ----------------- Imp. Medium Laser | -9/Materials | Scanalyzed Missile Launcher | -9/Materials | Scanalyzed Particle Charger | -9/Materials | Scanalyzed Adv. Targeting Computer | -9/Materials | Scanalyzed Robot Schematics ------------------ None Fabricated ------------ Nothing Alien Tech Used ----------------- None Achievements -------------- None Challenges ------------ None Game ------ Seed LauncherSniperMaul Manual? 0 Play Time 00:13:46 Cumulative 736.1 hours Start 2024.05.22 @ 22:56:02 End 2024.05.22 @ 23:07:21 Sessions 1 Manual Loads 0 Difficulty Rogue Special Mode None Game No. 801 Rogue 526 Adventurer 123 Explorer 152 Win Type - Total 26 Types 20/0/4/1/0/0/0/1/0 Lore% 83 Gallery% 92 Achievement% 76 Wizard Run 0 Options --------- Layout 0 ASCII 0 Keyboard 1 Movement Numpad Keybinds 0 Fullscreen 2 Font 18/Terminus Map View 76x50 Zoom Use 0% Tactical HUD 1 Map Filters NONE Filters NONE Steam 1 RUN: 6eb43f5d-d94d-4fc7-9d6e-4f8437249cec